 Dungeon Crawl Stone Soup version 0.28.0-53-g5a82cb258f (webtiles) character file.

Game seed: 15650762843805777125

2374 nickcage the Destroyer (level 9, -10/45 HPs)
             Began as a Deep Elf Conjurer on June 27, 2022.
             Was a Follower of Vehumet.
             Mangled by a human
             ... wielding a +0 war axe
              (14 damage)
             ... on level 7 of the Dungeon.
             The game lasted 00:22:26 (6426 turns).

nickcage the Destroyer (Deep Elf Conjurer)          Turns: 6426, Time: 00:22:28

Health: -10/45     AC:  2    Str:  4    XL:     9   Next: 21%
Magic:  13/23      EV: 12    Int: 28    God:    Vehumet [*.....]
Gold:   207        SH:  0    Dex: 13    Spells: 9/25 levels left

rFire   . . .      SeeInvis .   e - +4 dagger (vamp)
rCold   . . .      Faith    .   (no shield)
rNeg    . . .      Spirit   .   a - +0 robe
rPois   +          Reflect  .   (no helmet)
rElec   .          Harm     .   (no cloak)
rCorr   .          Rampage  .   (no gloves)
Will    .....                   (no boots)
Stlth   ++........              m - amulet of magic regeneration
HPRegen 0.15/turn               g - ring of poison resistance
MPRegen 0.58/turn               (no ring)

@: very slightly contaminated
A: no striking features
a: Renounce Religion


You were on level 7 of the Dungeon.
You worshipped Vehumet.
Vehumet was aware of your devotion.
You visited 1 branch of the dungeon, and saw 7 of its levels.
You also visited: Bailey.

You collected 207 gold pieces.

Inventory:

Hand Weapons
 e - a +4 vampiric dagger (weapon)
Armour
 a - a +0 robe (worn)
Jewellery
 g - a ring of poison resistance (left hand)
 h - an amulet of guardian spirit
 m - an amulet of magic regeneration (around neck)
Wands
 q - a wand of charming (10)
Scrolls
 b - a scroll of acquirement {unknown}
 d - 2 scrolls of teleportation
 k - a scroll of amnesia
 n - a scroll of enchant weapon
Potions
 f - 2 potions of brilliance
 i - 4 potions of curing
 j - 2 potions of flight
 l - a potion of ambrosia
 o - 2 potions of mutation
 p - 2 potions of invisibility
 s - 3 potions of magic
 t - 2 potions of lignification


   Skills:
 - Level 0.1 Short Blades
 - Level 2.4 Dodging
 - Level 2.4 Stealth
 - Level 8.8 Spellcasting
 + Level 11.2 Conjurations
 - Level 4.2 Hexes
 - Level 2.6 Translocations
 * Level 2.3 Transmutations


You had 9 spell levels left.
You knew the following spells:

 Your Spells              Type           Power      Damage    Failure   Level
a - Magic Dart            Conj           100%       1d8       1%          1
b - Searing Ray           Conj           100%       2d8       1%          2
c - Fulminant Prism       Conj/Hex       26%        3d14      1%          4
d - Iskenderun's Mystic   Conj/Tloc      50%        2d11      2%          4
e - Irradiate             Conj/Tmut      25%        3d22      8%          5

Your spell library contained the following spells:

 Spells                   Type           Power      Damage    Failure   Level
 Shock                    Conj/Air       100%       1d9       1%          1
 Dazzling Flash           Conj/Hex       100%       N/A       1%          3
 Sting                    Tmut/Pois      72%        1d6       2%          1
 Ensorcelled Hibernation  Hex/Ice        48%        N/A       3%          2
 Summon Small Mammal      Summ           48%        N/A       4%          1
 Summon Guardian Golem    Hex/Summ       24%        N/A       6%          3
 Poisonous Vapours        Pois/Air       24%        N/A       7%          2
 Sublimation of Blood     Necr           12%        N/A       7%          2
 Spider Form              Tmut/Pois      18%        N/A       9%          3
 Call Canine Familiar     Summ           12%        N/A       14%         3
 Anguish                  Hex/Necr       12%        N/A       19%         4
 Petrify                  Tmut/Erth      18%        N/A       28%         4
 Olgreb's Toxic Radiance  Pois           12%        N/A       41%         4


Dungeon Overview and Level Annotations

Branches:
Dungeon (7/15)             Temple (0/1) D:6          Bailey (visited)

Altars:
Nemelex Xobeh
Ru
Uskayaw
Vehumet
The Shining One

Shops:
D:1 ?   D:6 *

Annotations:
D:7 Harold


Message History

Vehumet accepts your kill.
The searing ray hits the human!
The human is moderately wounded.
You finish channelling your searing ray.
The human hits you with a +1 vorpal hand axe!
The human closely misses you.
There is a gate leading back out of this place here.
Casting: Searing Ray (safe; 1% risk of failure)
Confirm with . or Enter, or press ? or * to list all spells.
You miscast Iskenderun's Mystic Blast.
You are very lightly contaminated with residual magic.
Nothing appears to happen.
The human closely misses you. The human completely misses you.
Casting: Iskenderun's Mystic Blast (dangerous; 2% risk of failure)
Confirm with . or Enter, or press ? or * to list all spells.
You erupt in a blast of force!
The mystic blast hits the human!
The human is heavily wounded.
The human is knocked back by the mystic blast.
The mystic blast hits the human!
The human is severely wounded.
The human is knocked back by the mystic blast.
The human slams into the stone wall!
The human is severely wounded.
The mystic blast hits the human but does no damage.
The human is moderately wounded.
You hear a croak.
You hear a shout!
The human hits you with a +0 war axe!
You hear a shout!
You hear a croak.
The human hits you with a +0 war axe!
* * * LOW HITPOINT WARNING * * *
Welcome back to the Dungeon!
Level annotation: Harold
There is an empty arch of ancient stone here.
Casting: Iskenderun's Mystic Blast (dangerous; 2% risk of failure)
Confirm with . or Enter, or press ? or * to list all spells.
You erupt in a blast of force!
The mystic blast hits the human but does no damage.
The human is moderately wounded.
The human hits you with a +0 war axe!
You die...

..... #......#....'
.o...###+##......######
#.....................
#.....................
#..<..................
#.....................
###.....................
#......)..#######.......
#.....)@).......#.......
+......p........#.......
#..........##... ....
......#...## ..
.....##...# . .....
.._.. .... .....# ....
######


You could see a human and an orc.

Vanquished Creatures
  A steam dragon (D:6)
  3 water moccasins (D:6)
  A sky beast (D:7)
  An ice beast (D:6)
  A black bear (D:5)
  3 ogres
  2 centaurs
  A kobold brigand (D:7)
  A bullfrog (D:7)
  A wyvern zombie (D:5)
  5 scorpions
  3 centaur skeletons
  5 hounds
  A jelly (D:6)
  3 orc priests
  3 iguanas
  2 orc wizards
  A hound skeleton (D:5)
  5 gnolls
  6 adders
  A shadow imp (D:6)
  2 white imps (D:6)
  An adder skeleton (D:4)
  5 dart slugs
  16 orcs
  An endoplasm (D:1)
  3 giant cockroaches
  9 goblins
  7 hobgoblins
  16 jackals
  2 quokkas (D:2)
  9 ball pythons
  8 bats
  4 frilled lizards
  15 kobolds
  10 rats
158 creatures vanquished.

Vanquished Creatures (others)
  5 fulminant prisms
5 creatures vanquished.

Grand Total: 163 creatures vanquished

Notes
Turn   | Place    | Note
-------+----------+-------------------------------------------
     0 | D:1      | nickcage the Deep Elf Conjurer began the quest for the Orb.
     0 | D:1      | Reached XP level 1. HP: 10/10 MP: 6/6
    82 | D:1      | Reached XP level 2. HP: 12/15 MP: 2/8
    96 | D:1      | Reached skill level 5 in Conjurations
   377 | D:1      | Found a faded altar of an unknown god.
   463 | D:1      | Found Zeehir's Magic Scroll Emporium.
   606 | D:1      | Learned a level 2 spell: Searing Ray
   903 | D:1      | Reached XP level 3. HP: 19/19 MP: 4/9
  1308 | D:2      | Found a sparkling altar of Nemelex Xobeh.
  1499 | D:2      | Reached XP level 4. HP: 24/24 MP: 6/11
  1548 | D:2      | Learned a level 4 spell: Fulminant Prism
  1592 | D:2      | Reached skill level 6 in Conjurations
  1629 | D:2      | Reached XP level 5. HP: 28/28 MP: 6/12
  1885 | D:2      | Learned a level 4 spell: Iskenderun's Mystic Blast
  2041 | D:3      | Reached skill level 7 in Conjurations
  2144 | D:3      | Found a hide-covered altar of Uskayaw.
  2187 | D:3      | Found a sacrificial altar of Ru.
  2324 | D:3      | Identified the +7 dagger of the Hills {venom, rElec Int-4
                  | Stlth+}
  2765 | D:4      | Found a radiant altar of Vehumet.
  2775 | D:4      | Became a worshipper of Vehumet
  2860 | D:4      | Reached skill level 1 in Hexes
  2860 | D:4      | Reached skill level 1 in Translocations
  2860 | D:4      | Reached XP level 6. HP: 27/32 MP: 9/14
  3124 | D:4      | Reached skill level 5 in Spellcasting
  3124 | D:4      | Reached skill level 8 in Conjurations
  3124 | D:4      | Reached XP level 7. HP: 4/36 MP: 10/16
  3835 | D:5      | Entered Level 5 of the Dungeon
  4505 | D:5      | Reached skill level 9 in Conjurations
  4537 | D:5      | Reached XP level 8. HP: 41/41 MP: 14/19
  4782 | D:6      | Found Goytivyc's Elemental Accessories.
  4918 | D:6      | Found a staircase to the Ecumenical Temple.
  4931 | D:6      | Reached skill level 10 in Conjurations
  4974 | D:6      | Reached * piety under Vehumet
  4974 | D:6      | Offered knowledge of Shock by Vehumet.
  6006 | D:6      | Reached XP level 9. HP: 45/45 MP: 18/23
  6012 | D:6      | Learned a level 5 spell: Irradiate
  6091 | D:7      | Reached skill level 1 in Transmutations
  6274 | D:7      | Reached skill level 11 in Conjurations
  6309 | D:7      | Noticed Harold
  6393 | D:7      | Found a flagged portal.
  6397 | D:7      | Found a glowing golden altar of the Shining One.
  6402 | Bailey   | Entered a bailey
  6426 | D:7      | Mangled by a human

Illustrated notes

Levels and vault maps discovered:
D:1:      roderic_crossed_star, layout_basic, hellmonk_ecumenical_altar_run_dry,
          serial_shops, nicolae_shop_waterfront, due_unseen_surprise
D:2:      layout_rooms, basic_altar
D:3:      layout_basic, grunt_temple_overflow_open
D:4:      layout_loops_corners, nicolae_vehumet_altar_sigil
D:5:      layout_basic, hex_intersection
D:6:      layout_basic, minmay_temple_entry_large_hall, nicolae_elemental_shop
D:7:      layout_gridville, mainiacjoe_overflow_alcove_1, enter_bailey_2,
          kennysheep_windowed_goal, uniq_harold

Skill      XL: |  1  2  3  4  5  6  7  8  9 |
---------------+----------------------------+-----
Conjurations   | 5 6 7 8 9 10 11 | 11.2
Spellcasting   | 4 5 6 8 |  8.8
Hexes          | 1 3 4 |  4.2
Translocations | 1 2 |  2.6
Transmutations | 2 |  2.3
Short Blades   | |  0.1
Dodging        | |  2.4
Stealth        | |  2.4

Action                   |  1- 3 |  4- 6 |  7- 9 || total
-------------------------+-------+-------+-------++-------
Melee: Unarmed           |     1 |       |       ||     1
       Dagger            |       |       |     1 ||     1
 Cast: Magic Dart        |    72 |    55 |    73 ||   200
       Searing Ray       |       |    15 |    44 ||    59
       Fulminant Prism   |       |       |     5 ||     5
       Iskenderun's Myst |       |       |     2 ||     2
  Use: Scroll            |       |       |    13 ||    13
Armor: Robe              |     2 |       |     5 ||     7
Dodge: Dodged            |     8 |     5 |    30 ||    43
